 Dungeon Crawl Stone Soup version 0.30-a0-939-gc8157cb160 (webtiles) character file.

Game seed: 172077979643728918

32322 112233 the Reanimator (level 13, -13/147 HPs)
             Began as a Demonspawn Necromancer on Mar 25, 2023.
             Was a High Priest of Sif Muna.
             Killed by miscasting Airstrike (15 damage)
             ... on level 15 of the Dungeon.
             The game lasted 00:28:48 (17746 turns).

112233 the Reanimator (Demonspawn Necromancer)     Turns: 17746, Time: 00:28:49

Health: -13/147    AC: 30    Str:  9    XL:     13   Next: 30%
Magic:  11/38      EV:  2    Int: 22    God:    Sif Muna [*****.]
Gold:   891        SH:  9    Dex: 13    Spells: 14/36 levels left

rFire   + . .      SeeInvis +    i - staff of death
rCold   + . .      Faith    +    N - +0 buckler {rC+ rF+}
rNeg    + . .      Spirit   .    n - melded +1 robe of Tenacity {+Blink rC++ Int+2 Stlth-}
rPois   +          Reflect  .    e - melded +0 helmet
rElec   .          Rampage  .    F - melded +0 cloak {rPois}
rCorr   .          NoTele   +    (gloves currently unavailable)
Will    .....                    d - melded +0 pair of boots
Stlth   ++                       s - amulet of faith
HPRegen 0.44/turn                j - ring of magical power
MPRegen 0.26/turn                O - ring of see invisible

@: brilliant, tree-form, weak-willed, very slightly contaminated, hasted, very
quick
A: stationary, stasis, torment immunity, boosted hp, (claws 1), icemail 1,
(sanguine armour 1), condensation shield, (cold resistance 1), strong-willed 1
a: Renounce Religion, Channel Magic, Forget Spell, Divine Exegesis


You were on level 15 of the Dungeon.
You worshipped Sif Muna.
Sif Muna was extremely pleased with you.
You were a tree.
You visited 2 branches of the dungeon, and saw 16 of its levels.

You collected 1100 gold pieces.
You spent 209 gold pieces at shops.

Inventory:

Hand Weapons
 b - a +0 dagger of pain
 o - a +0 dagger of venom
 B - a +0 shortbow
Missiles
 I - 2 throwing nets
Armour
 a - the +2 pair of boots of Suna {+Blink rPois rF-}
   (You bought it in a shop on level 11 of the Dungeon)

   rF:        It makes you vulnerable to fire.
   rPois:     It protects you from poison.
   +Blink:    It lets you blink.
 d - a +0 pair of boots (melded)
 e - a +0 helmet (melded)
 n - the +1 robe of Tenacity (melded) {+Blink rC++ Int+2 Stlth-}
   (You took it off an orc on level 8 of the Dungeon)

   Int:       It affects your intelligence (+2).
   rC:        It greatly protects you from cold.
   +Blink:    It lets you blink.
   Stlth:     It makes you less stealthy.
 F - a +0 cloak of poison resistance (melded)
 L - +0 fire dragon scales
 N - a +0 buckler of resistance (worn)
Magical Staves
 i - a staff of death (weapon)
 K - a staff of fire
Jewellery
 f - a ring of resist corrosion
 j - a ring of magical power (left branch)
 s - an amulet of faith (around neck)
 M - the amulet "Furphyr" {RegenMP Harm}
   (You found it on level 8 of the Dungeon)

   [amulet of magic regeneration]

   It increases your rate of magic regeneration.
   Harm:      It increases damage dealt and taken.
 O - a ring of see invisible (right branch)
 R - an amulet of the acrobat
 S - a ring of positive energy
Wands
 l - a wand of charming (10)
 m - a wand of polymorph (5)
 r - a wand of digging (5)
 y - a wand of flame (50)
Scrolls
 c - 7 scrolls of identify
 p - 3 scrolls of amnesia
 t - 4 scrolls of immolation
 v - 2 scrolls of poison
 w - a scroll of torment
 x - a scroll of fear
 z - 2 scrolls of magic mapping
 D - 5 scrolls of blinking
 H - 5 scrolls of noise
 U - a scroll of silence {unknown}
 V - a scroll of brand weapon {unknown}
Potions
 h - 2 potions of might
 k - 4 potions of attraction
 q - 5 potions of mutation
 u - a potion of haste
 A - 2 potions of degeneration
 C - 4 potions of resistance
 E - 2 potions of berserk rage
 T - 2 potions of cancellation
 X - a potion of brilliance


   Skills:
 + Level 8.1 Fighting
 + Level 7.6 Dodging
 - Level 1.7 Stealth
 - Level 5.0 Shields
 * Level 12.2 Spellcasting
 + Level 13.9 Necromancy
 + Level 0.8 Air Magic
 - Level 6.3 Invocations
 + Level 5.0 Evocations


You had 14 spell levels left.
You knew the following spells:

 Your Spells              Type           Power      Damage    Failure   Level
a - Necrotise             Necr           100%       1d9       1%          1
b - Vampiric Draining     Necr           100%       2d13      1%          3
c - Animate Dead          Necr           100%       N/A       1%          4
d - Dispel Undead         Necr           100%       3d31      1%          4
e - Agony                 Necr           100%       N/A       1%          5
f - Kiss of Death         Conj/Necr      100%       2d13      1%          1
g - Airstrike             Air            13%        2d(2-18)  38%         4

Your spell library contained the following spells:

 Spells                   Type           Power      Damage    Failure   Level
 Shock                    Conj/Air       92%        1d8       4%          1
 Scorch                   Fire           40%        2d7       10%         2
 Swiftness                Air            26%        N/A       13%         3
 Kindle Blastsparks       Fire/Tloc/Air  44%        2d13      16%         3
 Confusing Touch          Hex            20%        N/A       19%         3
 Ozocubu's Armour         Ice            20%        N/A       19%         3
 Summon Guardian Golem    Hex/Summ       20%        N/A       19%         3
 Fulminant Prism          Conj/Hex       10%        3d9       52%         4
 Iskenderun's Mystic Bla  Conj/Tloc      20%        2d6       52%         4
 Infestation              Necr           53%        N/A       78%         8
 Silence                  Hex/Air        11%        N/A       80%         5
 Lee's Rapid Deconstruct  Erth           10%        3d8*      86%         5
 Summon Mana Viper        Hex/Summ       20%        N/A       86%         5
 Haunt                    Necr/Summ      39%        N/A       96%         7
 Orb of Destruction       Conj           10%        9d6       100%        7
 Ozocubu's Refrigeration  Ice            10%        4d9       100%        7
 Spellforged Servitor     Conj/Summ      10%        N/A       100%        7


Dungeon Overview and Level Annotations

Branches:
Dungeon (15/15)            Temple (1/1) D:4            Lair (0/5) D:11
    Orc (0/2) D:11         Vaults (0/5) D:14
 Depths: D:15

Altars:
Ashenzari
Cheibriados
Dithmenos
Fedhas
Gozag
Hepliaklqana
Kikubaaqudgha
Makhleb
Nemelex Xobeh
Okawaru
Qazlal
Ru
Sif Muna
Trog
Uskayaw
Vehumet
Wu Jian
Xom
Yredelemnul

Shops:
D:3 (   D:4 (   D:11 [

Annotations:
D:4 3 runed translucent doors, Nepie's ghost, amateur MfBe
D:7 1 runed translucent door, Crazy Yiuf
D:8 exclusions: downstairs and 1 more exclusion
D:10 exclusion: downstairs
D:11 3 runed translucent doors, gyole's ghost, journeyman SpHu


Innate Abilities, Weirdness & Mutations

You are a tree.
Your roots penetrate the ground, keeping you stationary.
You cannot be teleported.
You are immune to unholy pain and torment.
Your maximum health is greatly increased.
Your equipment is partially melded.
((You have sharp fingernails.))
A meltable icy envelope protects you from harm. (AC +4)
((When seriously injured, your blood forms armour. (AC +0)))
A meltable shield of frost defends you. (SH +4)
((Your flesh is cold resistant. (rC+)))
You are strong-willed. (Will+)


Message History

You feel a surge of power!
The air twists around and strikes the +6 long sword.
The +6 long sword is moderately damaged.
The +6 long sword hits you but does no damage.
Unknown command.
Unknown command.
Casting: Airstrike (dangerous; 38% risk of failure)
Confirm with . or Enter, or press ? or * to list all spells.
Aiming: Airstrike (dangerous; 38% risk of failure)
Press: ? - help, Dir - move target, f/p - +6 long sword
Aim: a +6 long sword (lightly damaged, empty space bonus: 3/8)
You feel a surge of power!
The air twists around and strikes the +6 long sword.
The +6 long sword is moderately damaged.
The +6 long sword hits you but does no damage.
The +6 long sword hits you!!
* * * LOW HITPOINT WARNING * * *
Casting: Airstrike (dangerous; 38% risk of failure)
Confirm with . or Enter, or press ? or * to list all spells.
Aiming: Airstrike (dangerous; 38% risk of failure)
Press: ? - help, Dir - move target, f/p - +6 long sword
Aim: a +6 long sword (moderately damaged, empty space bonus: 3/8)
You feel a surge of power!
The air twists around and strikes the +6 long sword.
The +6 long sword is heavily damaged.
The +6 long sword hits you!
* * * LOW HITPOINT WARNING * * *
Unknown command.
Okay, then.
Casting: Airstrike (dangerous; 38% risk of failure)
Confirm with . or Enter, or press ? or * to list all spells.
Okay, then.
Casting: Airstrike (dangerous; 38% risk of failure)
Confirm with . or Enter, or press ? or * to list all spells.
Aiming: Airstrike (dangerous; 38% risk of failure)
Press: ? - help, Dir - move target, f/p - +6 long sword
Aim: a +6 long sword (heavily damaged, empty space bonus: 3/8)
You feel a surge of power!
You miscast Airstrike.
There is a short, sharp shower of sparks!
You die...

.# .# .# .#
#### .#
...#.####.#
######........#
......(♣.#
##########


You could see a +6 long sword.

Vanquished Creatures
  A catoblepas (D:13)
  3 boulder beetles
  A centaur warrior (D:8)
  2 two-headed ogres
  A tengu warrior (D:8)
  Lodul (D:10)
  A skyshark (D:13)
  2 deep elf pyromancers (D:8)
  An ugly thing (D:9)
  2 manticores
  3 cyclopes
  2 gargoyles (D:11)
  2 unseen horrors (D:11)
  Maggie (D:6)
  2 komodo dragons
  2 efreet (D:13)
  3 kobold demonologists (D:9)
  2 trolls
  2 hornets
  A queen bee (D:12)
  2 polar bears (D:13)
  Prince Ribbit (D:9)
  A slime creature (D:13)
  3 centaur simulacra (D:13)
  2 wraiths (D:9)
  2 shadows
  11 yaks
  2 wyverns (D:11)
  A yak (shapeshifter) (D:8)
  A steam dragon (D:9)
  A vampire mosquito (D:15)
  4 water moccasins
  Duvessa (D:7)
  A black bear (D:6)
  A sky beast (D:7)
  3 orc warriors
  An ice beast (D:7)
  4 wolves
  4 ogres
  2 centaurs
  5 boggarts
  4 kobold brigands
  3 gnoll sergeants
  3 bullfrogs
  Dowan (D:7)
  4 killer bees (D:8)
  An electric eel (D:13)
  2 hounds (D:5)
  4 jellies
  6 orc priests
  A gnoll bouda (D:6)
  3 iguanas
  Ijyb (D:5)
  Terence (D:2)
  10 orc wizards
  Robin (D:5)
  12 adders
  17 gnolls
  2 shadow imps (D:6)
  A white imp (D:7)
  2 ufetubi
  A worm (D:2)
  32 orcs
  8 endoplasms
  4 giant cockroaches
  9 hobgoblins
  4 jackals (D:3)
  6 quokkas
  8 ball pythons
  2 bats (D:1)
  4 frilled lizards
  8 goblins
  22 kobolds
  10 rats
285 creatures vanquished.

Vanquished Creatures (collateral kills)
  A two-headed ogre (D:10)
  A boulder beetle (D:14)
  A manticore (D:13)
  An efreet (D:14)
  A wolf spider simulacrum (D:13)
  5 slime creatures (D:13)
  A wyvern (D:11)
  10 yaks
  A swamp worm (D:14)
  A water moccasin (D:11)
  3 black bears (D:11)
  5 ogres
  A kobold brigand (D:9)
  An orc priest (D:8)
  An orc wizard (D:11)
  A gnoll (D:10)
  A white imp (D:13)
  2 ufetubi (D:13)
  2 kobolds (D:9)
  A rat (D:1)
41 creatures vanquished.

Vanquished Creatures (others)
  A catoblepas zombie (D:13)
  A swamp worm zombie (D:14)
  A manticore zombie (D:13)
  A hornet zombie (D:10)
  A komodo dragon zombie (D:11)
  2 wyvern zombies (D:11)
  11 yak zombies
  2 polar bear zombies (D:13)
  3 wolf zombies
  A centaur zombie (D:9)
  A black bear zombie (D:11)
  A boggart zombie (D:12)
  2 ogre zombies (D:10)
  15 orc zombies
  8 gnoll zombies
  5 kobold zombies (D:10)
  6 fungi
  6 plants (D:11)
68 creatures vanquished.

Grand Total: 394 creatures vanquished

Notes
Turn   | Place    | Note
-------+----------+-------------------------------------------
     0 | D:1      | 112233 the Demonspawn Necromancer began the quest for the
                  | Orb.
     0 | D:1      | Reached XP level 1. HP: 13/13 MP: 3/3
   276 | D:1      | Gained mutation: When seriously injured, your blood forms
                  | armour. (AC +0) [demonic ancestry]
   276 | D:1      | Reached XP level 2. HP: 19/19 MP: 1/5
  1207 | D:2      | Found a faded altar of an unknown god.
  1245 | D:2      | Reached skill level 5 in Necromancy
  1245 | D:2      | Reached XP level 3. HP: 24/24 MP: 1/7
  2025 | D:2      | Noticed Terence
  2035 | D:2      | Killed Terence
  2036 | D:2      | Reached XP level 4. HP: 26/30 MP: 0/9
  2326 | D:3      | Found a basalt altar of Yredelemnul.
  2503 | D:3      | Found Aroaty's Antique Weapon Emporium.
  2668 | D:3      | Reached XP level 5. HP: 32/35 MP: 5/10
  2896 | D:3      | Found a glowing drain.
  3321 | D:4      | Found an iron altar of Okawaru.
  3326 | D:4      | Reached skill level 6 in Necromancy
  3433 | D:4      | Found a shadowy altar of Dithmenos.
  3616 | D:4      | Found a staircase to the Ecumenical Temple.
  3735 | Temple   | Entered the Ecumenical Temple
  3859 | Temple   | Became a worshipper of Sif Muna the Loreminder
  3899 | D:4      | Found a runed translucent gate.
  3899 | D:4      | Found a runed translucent gate.
  3899 | D:4      | Found a runed translucent gate.
  3900 | D:4      | Noticed Nepie's ghost (amateur MfBe)
  3903 | D:4      | Found Kadug's Antique Weapon Shoppe.
  4148 | D:4      | Learned a level 3 spell: Vampiric Draining
  4153 | D:4      | Learned a level 4 spell: Animate Dead
  4394 | D:5      | Entered Level 5 of the Dungeon
  4407 | D:5      | Reached XP level 6. HP: 37/41 MP: 12/12
  4559 | D:5      | Reached skill level 7 in Necromancy
  4563 | D:5      | Reached skill level 5 in Spellcasting
  4571 | D:5      | Gained mutation: You have sharp fingernails. [demonic
                  | ancestry]
  4571 | D:5      | Reached XP level 7. HP: 39/46 MP: 0/14
  4781 | D:5      | Reached * piety under Sif Muna
  5331 | D:5      | Noticed Ijyb
  5331 | D:5      | Noticed Robin
  5344 | D:5      | Killed Robin
  5353 | D:5      | Killed Ijyb
  5572 | D:5      | Found a blossoming altar of Fedhas.
  5769 | D:6      | Reached skill level 1 in Fighting
  5928 | D:6      | Reached ** piety under Sif Muna
  5969 | D:6      | Found a hide-covered altar of Uskayaw.
  6177 | D:6      | Reached skill level 8 in Necromancy
  6410 | D:6      | Noticed Maggie
  6425 | D:6      | Killed Maggie
  6426 | D:6      | Reached XP level 8. HP: 16/57 MP: 4/17
  6838 | D:7      | Gained mutation: You are strong-willed. (Will+) [potion of
                  | mutation]
  6838 | D:7      | Gained mutation: Your flesh is cold resistant. (rC+)
                  | [potion of mutation]
  6992 | D:7      | Reached skill level 1 in Invocations
  7232 | D:7      | Learned a level 4 spell: Dispel Undead
  7238 | D:7      | Learned a level 5 spell: Agony
  7589 | D:7      | Noticed Dowan
  7596 | D:7      | Noticed Duvessa
  7606 | D:7      | Killed Duvessa
  7609 | D:7      | Killed Dowan
  7735 | D:7      | Found a runed translucent door.
  7736 | D:7      | Noticed Crazy Yiuf
  7839 | D:7      | Reached XP level 9. HP: 59/65 MP: 16/19
  8183 | D:8      | Reached skill level 9 in Necromancy
  8470 | D:8      | Noticed a centaur warrior
  8483 | D:8      | HP: 3/65 [centaur warrior (4)]
  8489 | D:8      | HP: 3/97 [centaur warrior (6)]
  8493 | D:8      | HP: 1/97 [centaur warrior (6)]
  8498 | D:8      | Killed a centaur warrior
  8971 | D:8      | Identified the amulet "Furphyr" {RegenMP Harm}
  8988 | D:8      | Noticed a boulder beetle
  8998 | D:8      | Noticed a boulder beetle
  9163 | D:8      | Reached skill level 5 in Invocations
  9211 | D:8      | Noticed a deep elf pyromancer
  9221 | D:8      | Killed a deep elf pyromancer
  9222 | D:8      | Reached skill level 5 in Fighting
  9222 | D:8      | Reached skill level 5 in Dodging
  9247 | D:8      | Reached *** piety under Sif Muna
  9345 | D:9      | Noticed Prince Ribbit
  9351 | D:9      | Killed Prince Ribbit
  9397 | D:9      | Found a snail-covered altar of Cheibriados.
  9398 | D:9      | Noticed a purple ugly thing
  9503 | D:8      | Noticed a deep elf pyromancer
  9512 | D:8      | Killed a deep elf pyromancer
  9513 | D:8      | Gained mutation: A meltable shield of frost defends you.
                  | (SH +4) [demonic ancestry]
  9513 | D:8      | Reached XP level 10. HP: 61/74 MP: 15/22
  9620 | D:8      | Noticed a tengu warrior
  9702 | D:8      | Killed a tengu warrior
  9793 | D:8      | Killed a boulder beetle
  9794 | D:8      | Reached skill level 10 in Necromancy
  9928 | D:8      | Identified a scroll of acquirement
  9939 | D:8      | Acquired a staff of death
  9944 | D:8      | Learned a level 1 spell: Kiss of Death
  9944 | D:8      | Reached skill level 11 in Necromancy
  9944 | D:8      | Gained mutation: A meltable icy envelope protects you from
                  | harm. (AC +4) [demonic ancestry]
  9944 | D:8      | Reached XP level 11. HP: 80/80 MP: 24/24
 10199 | D:8      | Identified the +1 robe of Tenacity {+Blink rC++ Int+2
                  | Stlth-}
 10239 | D:8      | Killed a boulder beetle
 10240 | D:8      | Reached skill level 5 in Shields
 10240 | D:8      | Reached skill level 10 in Spellcasting
 10664 | D:8      | Noticed a two-headed ogre
 10673 | D:8      | Killed a two-headed ogre
 10967 | D:9      | Reached skill level 12 in Necromancy
 10971 | D:9      | Noticed a sun demon
 11423 | D:9      | Killed a purple ugly thing
 11424 | D:9      | Reached skill level 1 in Evocations
 11865 | D:10     | Entered Level 10 of the Dungeon
 12173 | D:10     | Reached **** piety under Sif Muna
 12327 | D:10     | Noticed Lodul
 12341 | D:10     | Reached XP level 12. HP: 89/89 MP: 26/26
 12401 | D:10     | Killed Lodul
 12641 | D:10     | Noticed a two-headed ogre
 12648 | D:10     | Killed a two-headed ogre
 12751 | D:10     | Noticed a two-headed ogre
 12764 | D:10     | Killed a two-headed ogre
 12772 | D:10     | Your ally Lodul died
 13179 | D:11     | Found a staircase to the Orcish Mines.
 13361 | D:11     | Reached skill level 13 in Necromancy
 13429 | D:11     | Found Nuzibby's Antique Armour Boutique.
 13438 | D:11     | Bought a pair of dazzling boots for 209 gold pieces
 13438 | D:11     | Identified the +2 pair of boots of Suna {+Blink rPois rF-}
                  | (You bought it in a shop on level 11 of the Dungeon)
 13632 | D:11     | Noticed a minotaur
 13632 | D:11     | Noticed gyole's ghost (journeyman SpHu)
 13779 | D:11     | Found a runed translucent gate.
 13779 | D:11     | Found a runed translucent gate.
 13779 | D:11     | Found a runed translucent gate.
 14008 | D:11     | Found a staircase to the Lair.
 14159 | D:11     | Noticed a boulder beetle
 14179 | D:11     | Killed a boulder beetle
 14582 | D:12     | Noticed Snorg
 14584 | D:12     | Snorg changed into Snorg the queen bee
 14584 | D:12     | Noticed Snorg
 14590 | D:12     | Killed Snorg the queen bee
 14920 | D:12     | Reached ***** piety under Sif Muna
 15108 | D:12     | Received a gift from Sif Muna
 15109 | D:12     | Got Sif Muna's Discourse on Hyperthermia and Spellbinding
                  | {god gift}
 15990 | D:12     | Noticed Nessos
 16020 | D:13     | Nessos changed into Nessos the skyshark
 16020 | D:13     | Noticed Nessos
 16027 | D:13     | Killed Nessos the skyshark
 16134 | D:13     | Reached XP level 13. HP: 67/98 MP: 13/28
 17199 | D:13     | Learned a level 4 spell: Airstrike
 17411 | D:14     | Reached skill level 5 in Evocations
 17716 | D:14     | Found a gate to the Vaults.
 17728 | D:15     | Entered Level 15 of the Dungeon
 17745 | D:15     | HP: 2/147 [+6 long sword (8)]
 17746 | D:15     | Killed by miscasting Airstrike

Illustrated notes

Levels and vault maps discovered:
D:1:      mrwooster_arrival_statue, layout_loops_ring
D:2:      layout_basic, shapermc_ecumenical_altar_acropolis, uniq_terence
D:3:      layout_loops_ring, mainiacjoe_overflow_boulevard,
          gup_sewer_entry_bowl, serial_shops, nicolae_lakefront_shop
D:4:      layout_loops_ring, nicolae_dithmenos_the_darkroom,
          mainiacjoe_overflow_catch_the_wave, minmay_temple_entry_mist,
          serial_shops, nicolae_lakefront_shop, gammafunk_ghost_nasty_kobolds,
          chequers_serial_rivers_room_a
D:5:      layout_gridville, mainiacjoe_overflow_tiny_flanked,
          nicolae_goblin_pals
D:6:      layout_loops_ring, nicolae_uskayaw_murder_on_the_dancefloor,
          uniq_maggie
D:7:      layout_loops_cross, uniq_crazy_yiuf_cottage, uniq_duvessa
D:8:      minmay_cut_squares, layout_layer_cave
D:9:      layout_roguey, kennysheep_little_box, cheibriados_altar_1,
          minivault_11, uniq_prince_ribbit1
D:10:     layout_roguey, uniq_lodul
D:11:     layout_basic, minmay_lair_entry_grove, minmay_orc_entry_temple_small,
          maelrawn_ghost_gauntlet_escape, serial_shops, shop
D:12:     nicolae_cairo_tiling, layout_long_grid, uniq_snorg, uniq_nessos
D:13:     layout_layer_cave, serial_ice, serial_ice_l, serial_ice_f,
          serial_ice_o, serial_ice_c
D:14:     mludivico_vault, layout_loops_ring, erik_vaults_1,
          lemuel_doored_altar, uniq_agnes
D:15:     hangedman_depths_entry_try_elsewhere_first, layout_loops_ring,
          chequers_serial_rivers_large_a, nzn_life_drinkers
Temple:   eino_temple_lava

Skill      XL: |  1  2  3  4  5  6  7  8  9 10 11 12 13 |
---------------+----------------------------------------+-----
Necromancy     | 5 6 7 8 9 11 12 13 | 13.9
Spellcasting   | 3 4 5 6 8 9 10 11 12 | 12.2
Dodging        | 3 4 5 6 7 |  7.6
Fighting       | 2 3 5 6 7 8 |  8.1
Invocations    | 3 5 6 |  6.3
Shields        | 4 5 |  5.0
Evocations     | 1 4 5 |  5.0
Stealth        | |  1.7
Air Magic      | |  0.8

Action                     |  1- 3 |  4- 6 |  7- 9 | 10-12 | 13-15 || total
---------------------------+-------+-------+-------+-------+-------++-------
  Melee: Unarmed           |     6 |       |       |       |       ||     6
         Dagger            |     1 |    17 |    84 |     3 |       ||   105
         Punch             |       |       |     1 |       |       ||     1
         Staff             |       |       |       |   121 |    21 ||   142
   Cast: Necrotise         |    77 |    97 |    67 |    46 |       ||   287
         Vampiric Draining |       |    16 |   112 |   221 |    32 ||   381
         Agony             |       |       |       |     4 |     1 ||     5
         Animate Dead      |       |       |       |    14 |     4 ||    18
         Dispel Undead     |       |       |       |     3 |     5 ||     8
         Airstrike         |       |       |       |       |    11 ||    11
 Invoke: Channel Magic     |       |       |       |     1 |       ||     1
  Evoke: Wand              |       |     1 |     3 |    27 |     9 ||    40
    Use: Potion            |       |     4 |     9 |     1 |    11 ||    25
         Scroll            |       |       |     3 |    15 |     4 ||    22
   Stab: Distracted        |       |       |     1 |     2 |       ||     3
         Sleeping          |       |       |     1 |       |       ||     1
         Invisible         |       |       |       |       |     2 ||     2
 Armour: Robe              |     7 |    17 |    64 |   141 |    13 ||   242
         Skin              |       |       |    47 |       |    18 ||    65
  Dodge: Dodged            |    19 |    42 |   135 |   250 |    38 ||   484
  Block: Other             |       |       |       |     3 |       ||     3
         Buckler           |       |       |       |   176 |    41 ||   217

Table legend: (Time is in decaauts)
 A = Elapsed time spent in this place.
 B = Non-inter-level travel time spent in this place.
 C = Inter-level travel time spent in this place.
 D = Time resting spent in this place.
 E = Time spent auto-exploring this place.
 F = Levels seen in this place.
 G = Mean time per level.
                   A        B        C        D        E       F      G
               +--------+--------+--------+--------+--------+-----+--------+
         Total |  17807 |  17316 |    491 |   1638 |  13163 |  16 | 1112.9 |
       Dungeon |  17674 |  17208 |    466 |   1638 |  13069 |  15 | 1178.3 |
        Temple |    132 |    108 |     24 |      0 |     94 |   1 |  132.0 |
               +--------+--------+--------+--------+--------+-----+--------+

Top non-repeatable levels by time:
     D:8: 2603 daAuts
    D:11: 1736 daAuts
    D:13: 1372 daAuts
     D:7: 1327 daAuts
     D:5: 1323 daAuts
    D:10: 1295 daAuts
     D:9: 1159 daAuts
     D:2: 1137 daAuts
    D:12: 1129 daAuts
     D:1: 1125 daAuts
     D:6: 1078 daAuts
     D:4: 1022 daAuts
     D:3: 989 daAuts
    D:14: 354 daAuts
  Temple: 132 daAuts
